 Dungeon Crawl Stone Soup version 0.16-a0-3074-gc0bb631 (webtiles) character file.

1837 Herrn the Skirmisher (level 9, -5/85 HPs)
             Began as a Gargoyle Fighter on Dec 11, 2014.
             Was an Initiate of Okawaru.
             Slain by a white ugly thing (35 damage)
             ... on level 6 of the Dungeon.
             The game lasted 00:20:05 (5987 turns).

Herrn the Skirmisher (Gargoyle Fighter)             Turns: 5987, Time: 00:20:05

Health: -5/85      AC: 17    Str: 28    XL:     9   Next: 11%
Magic:  9/9        EV:  7    Int:  9    God:    Okawaru [......]
Gold:   565        SH: 10    Dex:  9    Spells: 0 memorised, 8 levels left

rFire  + . .     SeeInvis .     a - +0 war axe
rCold  . . .     Clarity  .     r - +0 chain mail
rNeg   + . .     SustAb   .     c - +0 shield
rPois  ∞         Gourm    .     (no helmet)
rElec  +         Spirit   .     n - +0 cloak
rCorr  .         Warding  .     (no gloves)
rMut   .         Stasis   .     (no boots)
MR     +....                    (no amulet)
Stlth  ..........               p - ring of protection from magic
                                j - ring of protection from fire

@: mighty, berserking, very quick, somewhat resistant to hostile enchantments,
extremely unstealthy
A: negative energy resistance 1, electricity resistance, unbreathing,
petrification resistance, rot immunity, AC +5
a: Renounce Religion


You were on level 6 of the Dungeon.
You worshipped Okawaru.
Okawaru was noncommittal.
You were not hungry.

You visited 2 branches of the dungeon, and saw 7 of its levels.
You also visited: Ossuary.

You collected 565 gold pieces.

Inventory:

Hand weapons
 a - a +0 war axe (weapon)
 b - a +1 whip of flaming
Armour
 c - a +0 shield (worn)
 n - a +0 cloak (worn)
 r - a +0 chain mail (worn)
Jewellery
 j - a ring of protection from fire (left hand)
 p - a ring of protection from magic (right hand)
Scrolls
 g - a scroll of blinking
 i - 2 scrolls of recharging
 l - 2 scrolls of remove curse
 o - 2 scrolls of enchant weapon
 q - 4 scrolls of teleportation
 s - a scroll of enchant armour
Potions
 e - 4 potions of might
 f - a potion of brilliance
 k - a potion of haste
 t - a potion of restore abilities
 u - a potion of flight
 x - 4 potions of curing
 A - 2 potions of agility
Books
 v - a book of Enchantments

   Spells                             Type                      Level
   a - Tukima's Dance                 Hexes                        3
   b - Cause Fear                     Hexes                        4
   c - Silence                        Hexes/Air                    5
   d - Deflect Missiles               Charms/Air                   6
   e - Haste                          Charms                       6
   f - Discord                        Hexes                        8
Comestibles
 d - 2 bread rations
 h - a meat ration
 m - a royal jelly


   Skills:
 * Level 7.2 Fighting
 * Level 6.9 Axes
 + Level 6.0 Armour
 + Level 3.6 Dodging
 - Level 3.2 Shields


You had 8 spell levels left.
You didn't know any spells.

Dungeon Overview and Level Annotations

Branches:
Dungeon (6/15)             Temple (1/1) D:6

Altars:
Ashenzari
Cheibriados
Dithmenos
Elyvilon
Gozag
Makhleb
Nemelex Xobeh
Okawaru
Trog
Vehumet
Xom
Yredelemnul
Zin
The Shining One
Lugonu


Innate Abilities, Weirdness & Mutations

You are resistant to torment.
You are immune to poison.
Your stone body is very resilient (AC +5).
You resist negative energy.
You are resistant to electric shocks.
You can survive without breathing.
You are immune to petrification.
You are immune to rotting.


Message History

Okay, then.
Unknown command.
Drink which item? (? for menu, Esc to quit)
Okay, then.
Drink which item? (? for menu, Esc to quit)
You feel very mighty all of a sudden.
You closely miss the white ugly thing.
The white ugly thing punches you but does no damage.
The white ugly thing punches you. The white ugly thing freezes you!!
You slash the white ugly thing!
The white ugly thing is lightly wounded.
The white ugly thing barely misses you.
Drink which item? (? for menu, Esc to quit)
A red film seems to cover your vision as you go berserk!
You feel yourself moving faster!
You feel mighty!
The white ugly thing punches you but does no damage.
Your shield and chain mail prevent you from hitting the white ugly thing.
The white ugly thing is lightly wounded.
The white ugly thing punches you! The white ugly thing freezes you!!
You die...

#.>..# #!...#
#....# #....####
#.......#########
##
#....#..........#
..
#....#..#.#####..
#.##....#.÷..###
#?u@....###....##
#.#'#.###
#.....### #
+_+... ##......##
#+#.#.# ###......
..#..# #.##.##
### .. ...##... #
###....## ##.#..#
#.#...


You could see a white ugly thing.

Vanquished Creatures
  Pikel (D:5)
  Grinder (D:3)
  An ice beast (D:6)
  A necrophage (D:5)
  A sky beast (D:6)
  2 ogres
  A scorpion (D:4)
  2 hounds
  An orc priest (D:5)
  5 orc wizards
  Natasha (D:5)
  2 iguanas (D:6)
  2 worker ants (D:6)
  A big kobold zombie (Ossuary)
  8 mummies (Ossuary)
  7 adders
  A shadow imp (D:5)
  A worm (D:3)
  8 giant geckos
  9 orcs
  A ball python (D:1)
  3 giant cockroaches
  2 gnoll zombies (Ossuary)
  8 goblins
  6 hobgoblins
  2 jackals (D:5)
  10 bats
  A giant gecko zombie (D:3)
  9 giant newts
  A giant spore (D:6)
  A hobgoblin zombie (Ossuary)
  13 kobolds
  4 orc zombies (Ossuary)
  2 quokka skeletons (D:4)
  8 rats
127 creatures vanquished.

Vanquished Creatures (others)
  An orc wizard (D:4)
1 creature vanquished.

Grand Total: 128 creatures vanquished

Notes
Turn   | Place    | Note
--------------------------------------------------------------
     0 | D:1      | Herrn, the Gargoyle Fighter, began the quest for the Orb.
     0 | D:1      | Reached XP level 1. HP: 14/14 MP: 1/1
    95 | D:1      | Reached XP level 2. HP: 19/19 MP: 2/2
   697 | D:2      | Reached XP level 3. HP: 24/24 MP: 3/3
   785 | D:2      | Reached skill level 4 in Fighting
  1123 | D:2      | Reached XP level 4. HP: 29/29 MP: 4/4
  1368 | D:3      | Noticed Grinder
  1368 | D:3      | Paralysed by Grinder for 2 turns
  1387 | D:3      | Found a white marble altar of Elyvilon.
  1393 | D:3      | Paralysed by Grinder for 2 turns
  1397 | D:3      | Killed Grinder
  1397 | D:3      | Reached skill level 5 in Fighting
  1397 | D:3      | Reached skill level 1 in Dodging
  1397 | D:3      | Reached XP level 5. HP: 24/35 MP: 5/5
  1397 | D:3      | Reached XP level 6. HP: 27/40 MP: 6/6
  2336 | D:4      | Reached XP level 7. HP: 44/44 MP: 7/7
  2877 | D:4      | Found a sparkling altar of Nemelex Xobeh.
  2881 | D:4      | Found a shattered altar of Ashenzari.
  2884 | D:4      | Found a burning altar of Makhleb.
  3007 | D:5      | Entered Level 5 of the Dungeon
  3275 | D:5      | Found a sand-covered staircase.
  3280 | Ossuary  | Entered an ossuary
  3472 | Ossuary  | Reached skill level 5 in Axes
  4479 | D:5      | Reached skill level 6 in Fighting
  4479 | D:5      | Reached skill level 5 in Armour
  4479 | D:5      | Reached XP level 8. HP: 45/51 MP: 8/8
  4586 | D:5      | Noticed Pikel
  4606 | D:5      | Killed Pikel
  4851 | D:5      | Noticed Natasha
  4857 | D:5      | Killed Natasha
  5551 | D:6      | Reached skill level 7 in Fighting
  5572 | D:6      | Reached XP level 9. HP: 49/57 MP: 9/9
  5607 | D:6      | Found a staircase to the Ecumenical Temple.
  5626 | Temple   | Entered the Ecumenical Temple
  5640 | Temple   | Became a worshipper of Warmaster Okawaru
  5981 | D:6      | Noticed a white ugly thing
  5981 | D:6      | Found an opulent altar of Gozag.
  5987 | D:6      | Slain by a white ugly thing

Action                   |  1- 3 |  4- 6 |  7- 9 || total
-------------------------+-------+-------+-------++-------
Melee: War axe           |   111 |   113 |   339 ||   563
  Use: Scroll            |       |       |    19 ||    19
       Potion            |       |       |     2 ||     2
  Eat: Chunk             |     1 |       |     7 ||     8
       Meat ration       |       |     1 |       ||     1
       Bread ration      |       |       |     1 ||     1
